 Dungeon Crawl Stone Soup version 0.31-a0-876-gfe8ebadbca (webtiles) character file.

Game seed: 9788425654144120756

1928 Flugkiller the Summoner (level 8, 0/44 HPs)
             Began as a Deep Elf Gladiator on Oct 13, 2023.
             Was a Priest of Hepliaklqana.
             Slain by a gnoll
             ... wielding a +0 halberd
             ... led by a gnoll bouda
              (10 damage)
             ... on level 6 of the Dungeon.
             The game lasted 00:10:21 (5871 turns).

Flugkiller the Summoner (Deep Elf Gladiator)        Turns: 5871, Time: 00:10:22

Health: 0/44       AC: 10    Str: 11    XL:     8   Next: 96%
Magic:  13/13      EV: 16    Int: 20    God:    Hepliaklqana [***...]
Gold:   358        SH:  0    Dex: 18    Spells: 7/11 levels left

rFire   . . .        a - +1 long sword
rCold   . . .        (no shield)
rNeg    . . .        k - +3 leather armour
rPois   .            c - +0 helmet
rElec   .            (no cloak)
rCorr   .            n - +0 pair of gloves
SInv    .            E - +1 pair of boots
Will    .....        C - amulet of magic regeneration
Stlth   +            l - +6 ring of intelligence
HPRegen 0.27/turn    (no ring)
MPRegen 0.53/turn

%: no passive effects
@: lethally poisoned (0 -> -1)
A: reduced essence
a: Renounce Religion, Recall Ancestor, Ancestor Identity, Transference


You were on level 6 of the Dungeon.
You worshipped Hepliaklqana.
Hepliaklqana was most pleased with you.
You visited 1 branch of the dungeon, and saw 6 of its levels.
You also visited: Sewer and Ossuary.

You collected 358 gold pieces.

Inventory:

Hand Weapons
 a - a +1 long sword (weapon)
 o - a +1 dagger of speed
   (You took it off a kobold on level 1 of the Dungeon)
Missiles
 d - 5 throwing nets
 e - a javelin
 f - 5 curare-tipped darts (quivered)
Armour
 c - a +0 helmet (worn)
 k - a +3 leather armour (worn)
   (You found it on level 1 of the Dungeon)
 n - a +0 pair of gloves (worn)
   (You found it on level 3 of the Dungeon)
 D - an orb of guile
   (You took it off Jeremiah on level 6 of the Dungeon)
 E - a +1 pair of boots (worn)
   (You found it on level 6 of the Dungeon)
Jewellery
 l - a +6 ring of intelligence (left hand)
   (You found it on level 1 of the Dungeon)
 C - an amulet of magic regeneration (around neck)
   (You found it on level 5 of the Dungeon)
Wands
 p - a wand of iceblast (4)
   (You found it on level 6 of the Dungeon)
Scrolls
 i - a scroll of enchant weapon
 m - 2 scrolls of poison
 s - a scroll of vulnerability
 v - a scroll of teleportation {unknown}
 B - a scroll of fear {unknown}
Potions
 b - 2 potions of attraction
 g - a potion of mutation {unknown}
 h - 2 potions of haste
 j - 3 potions of berserk rage
 q - 6 potions of curing
 t - 2 potions of ambrosia
 u - 2 potions of invisibility
 w - 3 potions of heal wounds
 z - 6 potions of enlightenment
 A - 2 potions of might {unknown}
 F - a potion of resistance {unknown}


   Skills:
 + Level 5.3 Fighting
 - Level 3.4 Long Blades
 - Level 2.0 Throwing
 - Level 8.0 Dodging
 - Level 2.0 Spellcasting
 - Level 8.0 Summonings


You had 7 spell levels left.
You knew the following spells:

 Your Spells              Type           Power      Damage    Failure   Level
a - Summon Small Mammal   Summ           100%       N/A       1%          1
b - Call Canine Familiar  Summ           34%        N/A       2%          3

Your spell library contained the following spells:

 Spells                   Type           Power      Damage    Failure   Level
 Summon Guardian Golem    Hex/Summ       18%        N/A       12%         3


Dungeon Overview and Level Annotations

Branches:
Dungeon (6/15) Zot: 26370  Temple (0/1) D:6           Sewer (visited)
Ossuary (visited)

Altars:
Hepliaklqana
Sif Muna
Xom

Shops:
D:1 (   D:4 ?


Message History

Found a kite shield.
You now have 327 gold pieces (gained 20).
d - 5 throwing nets (gained 2)
You now have 346 gold pieces (gained 19).
You swap places.
Key pressed, stopping explore.
Key pressed, stopping explore.
Unknown command.
You now have 358 gold pieces (gained 12).
Found a flail.
An iguana comes into view.
The iguana hisses angrily.
The iguana hisses menacingly.
Found an escape hatch in the ceiling.
The iguana closely misses you.
You hit the iguana.
The iguana is lightly wounded.
The iguana bites you but does no damage.
You closely miss the iguana.
The iguana is lightly wounded.
The iguana misses you.
Lici barely misses the iguana.
You barely miss the iguana.
The iguana is lightly wounded.
The iguana closely misses you.
Lici hits the iguana with a +0 quarterstaff!
The iguana bites you!
Unknown command.
You hit the iguana but do no damage.
The iguana is severely wounded.
Lici points at the iguana and mumbles some strange words.
The stone arrow hits the iguana!
The iguana dies!
You see here an iguana corpse.
No target in view!
No target in view!
A gnoll comes into view. It is wielding a +0 spear.
The gnoll shouts!
You hear a shout!
A gnoll comes into view. It is wielding a +0 halberd.
A gnoll comes into view. It is wielding a +0 spear.
A gnoll bouda comes into view. It is wielding a +0 club.
A gnoll comes into view.
It is wielding a +1 flail of protection.
The gnoll shouts!
You hear an angry hiss.
An adder comes into view.
Found an escape hatch in the floor.
The gnoll hits you from afar with a +0 spear.
The gnoll bouda barks out a call to the hunt!
The gnolls pick up the pace!
Unknown command.
Unknown command.
The gnoll attacks as it pursues you! The gnoll closely misses you.
The gnoll closely misses you. x2
Lici gestures at the gnoll while chanting.
The puff of frost hits the gnoll!
You hit the gnoll bouda.
The gnoll bouda is lightly wounded.
The gnoll misses you.
The gnoll bouda hits you but does no damage.
The gnoll closely misses Lici.
You hit the gnoll bouda.
The gnoll bouda is moderately wounded.
The adder bites you.
You are poisoned.
The adder poisons you!
The gnoll hits you from afar with a +0 halberd!
Lici gestures at the gnoll while chanting.
The stone arrow hits the gnoll.
The gnoll dies!
The gnoll barely misses you. The adder bites you but does no damage.
The gnoll hits you from afar with a +0 halberd.
You are too injured to fight recklessly!
You are too injured to fight recklessly!
Unknown command.
You swap places.
You feel sick.
Lici casts a spell at the gnoll bouda.
The stone arrow hits the gnoll bouda.
The gnoll hits Lici with a +1 flail of protection.
The gnoll misses you.
The gnoll bouda closely misses Lici.
The adder misses Lici.
The gnoll misses you.
Unknown command.
You feel sick.
Lici hits the gnoll bouda with a +0 quarterstaff!
The gnoll bouda dies!
The adder bites Lici.
The gnoll barely misses you.
The gnoll hits you from afar with a +0 spear.
You feel sick.
The adder bites Lici.
Lici hits the adder with a +0 quarterstaff!
The adder dies!
The gnoll attacks as it pursues you! The gnoll misses you.
The gnoll attacks as it pursues you!
The gnoll hits you from afar with a +0 spear.
You hit the gnoll.
The gnoll is moderately wounded.
You feel sick.
Lici barely misses the gnoll.
The gnoll hits you with a +1 flail of protection.
* * * LOW HITPOINT WARNING * * *
The gnoll barely misses you.
Lici hits the gnoll with a +0 quarterstaff!!
The gnoll dies!
The gnoll hits you from afar with a +0 halberd!
You die...

##.............##...
.......
#.....†........###..#......
..................# ... #
....##............# ....
..## #............##...# ..
##..<.......##...#
#.........##..#
##......##...###
#.....#@.g##..##
##......g#)....#
##.#...#).....##
####.#.R......#
#...)†.....# #...>.......#
#............#
#.............#
#..............


You could see the friendly Lici the battlemage and 2 gnolls.

Vanquished Creatures
  An elf zombie (Ossuary)
  A howler monkey (D:4)
  A hound (D:6)
  3 human zombies (Ossuary)
  An iguana (D:4)
  A mummy (Ossuary)
  10 adders
  2 gnolls (D:4)
  A river rat (Sewer)
  A white imp (D:5)
  A worm (D:6)
  3 dart slugs
  8 orcs
  8 endoplasms
  5 giant cockroaches
  12 goblins
  4 hobgoblins
  A jackal (Sewer)
  2 quokkas
  13 ball pythons
  8 bats
  3 frilled lizards
  9 hobgoblin zombies (Ossuary)
  A jackal zombie (Ossuary)
  5 kobolds
  5 kobold zombies (Ossuary)
  3 orc zombies (Ossuary)
  7 rats
120 creatures vanquished.

Vanquished Creatures (collateral kills)
  Jeremiah (D:6)
  A centaur (D:5)
  2 phantoms
  An elf zombie (Ossuary)
  4 scorpions
  A human zombie (Ossuary)
  An orc priest (D:4)
  2 hounds (D:5)
  3 jellies
  A gnoll bouda (D:6)
  3 orc wizards (D:5)
  2 iguanas
  A mummy (Ossuary)
  4 gnolls
  10 adders
  3 river rats (Sewer)
  An ufetubus (D:5)
  6 worms
  A dart slug (D:5)
  8 orcs
  A bat (Sewer)
  3 giant cockroaches
  A goblin (D:4)
  2 jackals (Sewer)
  A kobold (D:3)
  5 quokkas
  5 ball pythons (Sewer)
  2 frilled lizards (Sewer)
  A goblin zombie (Ossuary)
  4 hobgoblin zombies (Ossuary)
  3 kobold zombies (Ossuary)
  2 orc zombies (Ossuary)
  2 rat zombies (Ossuary)
88 creatures vanquished.

Vanquished Creatures (others)
  A battlemage (D:6)
  2 ancestors (D:4)
3 creatures vanquished.

Grand Total: 211 creatures vanquished

Notes
Turn   | Place    | Note
-------+----------+-------------------------------------------
     0 | D:1      | Flugkiller the Deep Elf Gladiator began the quest for the
                  | Orb.
     0 | D:1      | Reached XP level 1. HP: 12/12 MP: 3/3
    68 | D:1      | Found a faded altar of an unknown god.
    90 | D:1      | Reached XP level 2. HP: 14/16 MP: 4/4
   188 | D:1      | Found Sotiafie's Antique Weapon Boutique.
   727 | D:2      | Reached XP level 3. HP: 20/21 MP: 5/5
   792 | D:2      | Learned a level 1 spell: Summon Small Mammal
   886 | D:2      | Reached skill level 1 in Spellcasting
   898 | D:2      | Reached skill level 1 in Summonings
  1050 | D:2      | Found a hazy altar of Hepliaklqana.
  1069 | D:2      | Became a worshipper of Hepliaklqana the Forgotten
  1296 | D:2      | Reached XP level 4. HP: 26/26 MP: 8/8
  1850 | D:3      | Reached * piety under Hepliaklqana
  1913 | D:3      | Learned a level 3 spell: Call Canine Familiar
  2531 | D:4      | Found a sand-covered staircase.
  2548 | D:4      | Reached XP level 5. HP: 16/27 MP: 10/10
  2594 | Ossuary  | Entered an ossuary
  2793 | Ossuary  | Reached XP level 6. HP: 31/33 MP: 11/11
  2882 | Ossuary  | Reached skill level 5 in Summonings
  2971 | D:4      | Found Ixasech's Magic Scroll Boutique.
  3318 | D:4      | Reached XP level 7. HP: 36/36 MP: 10/12
  3428 | D:4      | Reached skill level 5 in Dodging
  3433 | D:4      | Found a shimmering blue altar of Sif Muna.
  3460 | D:4      | Reached ** piety under Hepliaklqana
  3462 | D:4      | Remembered your ancestor Lici as a battlemage
  3735 | D:5      | Entered Level 5 of the Dungeon
  4029 | D:5      | Found a hazy altar of Hepliaklqana.
  4079 | D:5      | Reached XP level 8. HP: 41/41 MP: 13/13
  4481 | D:5      | Found a shimmering altar of Xom.
  4795 | D:6      | Found a staircase to the Ecumenical Temple.
  4923 | D:6      | Noticed Jeremiah
  5031 | D:6      | Killed Jeremiah
  5101 | D:6      | Found a glowing drain.
  5116 | Sewer    | Entered a sewer
  5182 | Sewer    | Reached *** piety under Hepliaklqana
  5425 | Sewer    | Reached skill level 5 in Fighting
  5871 | D:6      | Slain by a gnoll

Illustrated notes

Levels and vault maps discovered:
D:1:      ncdulo_lavacross, layout_loops_ring, serial_shops, shop_fountains,
          hellmonk_ecumenical_altar_lost_god
D:2:      layout_basic, basic_altar, nicolae_concentric_dashed_squares_wild
D:3:      layout_loops_corners, grunt_decor_one_mirror
D:4:      layout_loops_ring, mainiacjoe_overflow_catwalk,
          nicolae_ossuary_entry_ruins, serial_shops, shop, chequers_avenue,
          kennysheep_nub
D:5:      layout_basic, nicolae_hepliaklqana_hazy_memory,
          mainiacjoe_overflow_brackets, serial_bayou_lagoon_a,
          kennysheep_cross_bottleneck, grunt_decor_mini_mirrors
D:6:      layout_cave_pods, minmay_temple_entry_tees, serial_shops,
          nicolae_shop_window_shopping, cheibrodos_sewer_entry_bend,
          minivault_5, uniq_jeremiah, uniq_blork_the_orc

Skill      XL: |  1  2  3  4  5  6  7  8 |
---------------+-------------------------+-----
Long Blades    | 3 |  3.4
Fighting       | 2 3 5 |  5.3
Dodging        | 4 5 8 |  8.0
Spellcasting   | 1 2 |  2.0
Summonings     | 1 2 4 6 8 |  8.0
Throwing       | |  2.0

Action                     |  1- 3 |  4- 6 |  7- 9 || total
---------------------------+-------+-------+-------++-------
  Melee: Long sword        |   126 |   235 |    93 ||   454
         Punch             |     1 |     4 |       ||     5
  Throw: Dart              |       |     1 |       ||     1
   Cast: Summon Small Mamm |       |     4 |       ||     4
         Call Canine Famil |       |     3 |    19 ||    22
 Invoke: Ancestor Identity |       |     1 |       ||     1
         Recall Ancestor   |       |       |     2 ||     2
         Ancestor Life: Ba |       |       |     1 ||     1
    Use: Scroll            |       |     5 |     6 ||    11
         Potion            |       |       |     1 ||     1
   Stab: Sleeping          |     2 |     2 |       ||     4
         Distracted        |       |     3 |     1 ||     4
 Armour: Leather armour    |    72 |   125 |    77 ||   274
  Dodge: Dodged            |   123 |   139 |    97 ||   359

Table legend: (Time is in decaauts)
 A = Elapsed time spent in this place.
 B = Non-inter-level travel time spent in this place.
 C = Inter-level travel time spent in this place.
 D = Time resting spent in this place.
 E = Time spent auto-exploring this place.
 F = Levels seen in this place.
 G = Mean time per level.
                   A        B        C        D        E       F      G
               +--------+--------+--------+--------+--------+-----+--------+
         Total |   6149 |   6017 |    132 |    555 |   3624 |   8 |  768.6 |
       Dungeon |   5100 |   4968 |    132 |    495 |   3028 |   6 |  850.0 |
         Sewer |    681 |    681 |      0 |      0 |    523 |   1 |  681.0 |
       Ossuary |    366 |    366 |      0 |     60 |     72 |   1 |  366.0 |
               +--------+--------+--------+--------+--------+-----+--------+

Top non-repeatable levels by time:
     D:5: 1018 daAuts
     D:2: 1001 daAuts
     D:4: 942 daAuts
     D:3: 838 daAuts
   Sewer: 681 daAuts
     D:1: 672 daAuts
     D:6: 628 daAuts
 Ossuary: 366 daAuts
